 Dungeon Crawl Stone Soup version 0.26-a0-831-g7192265339 (webtiles) character file.

Game seed: 11300613074041985374

14 jasper the Sneak (level 2, 0/25 HPs)
             Began as a Palentonga Delver on Nov 15, 2020.
             Was an Initiate of Hepliaklqana.
             Succumbed to an adder's poison
             ... on level 2 of the Dungeon.
             The game lasted 00:00:56 (556 turns).

jasper the Sneak (Palentonga Delver)                 Turns: 556, Time: 00:00:57

Health: 0/25       AC:  5    Str: 15    XL:     2   Next: 31%
Magic:  2/2        EV:  8    Int: 10    God:    Hepliaklqana [......]
Gold:   18         SH:  0    Dex: 11    Spells: 1/1 levels left

rFire    . . .     SeeInvis +   a - +0 hand axe
rCold    . . .     Faith    .   (no shield)
rNeg     . . .     Spirit   .   i - +0 ring mail
rPois    .         Reflect  .   (no helmet)
rElec    .         Harm     .   (no cloak)
rCorr    .         Rampage  .   (no gloves)
MR       .....                  (no barding)
Stlth    ++........             (no amulet)
HPRegen  0.08/turn              (no ring)
MPRegen  0.08/turn              (no ring)

@: lethally poisoned (0 -> -13), hasted, very quick
A: large, reduced essence, rugged brown scales 3, see invisible, deformed body,
roll 1, armoured tail
a: Rolling Charge, Recall Ancestor, Ancestor Identity, Renounce Religion


You were on level 2 of the Dungeon.
You worshipped Hepliaklqana.
Hepliaklqana was noncommittal.
You visited 1 branch of the dungeon, and saw 4 of its levels.

You collected 18 gold pieces.

Inventory:

Hand Weapons
 a - a +0 hand axe (weapon)
Missiles
 l - 7 javelins (quivered)
Armour
 b - a +0 leather armour
 i - a +0 ring mail (worn)
Wands
 g - a wand of digging (3)
Scrolls
 c - a scroll of fog
 d - a scroll of magic mapping
 e - 2 scrolls of fear
 k - a scroll of blinking {unknown}
 m - 3 scrolls of identify {unknown}
 n - a scroll of remove curse {unknown}
Potions
 h - a potion of brilliance {unknown}
 j - a potion of attraction {unknown}


   Skills:
 - Level 3.0 Fighting
 + Level 3.0 Axes
 - Level 1.5 Dodging
 - Level 3.3 Stealth


You had one spell level left.
You didn't know any spells.
Your spell library was empty.

Dungeon Overview and Level Annotations

Branches:
Dungeon (5/15)
 Temple: D:4-7

Altars:
Hepliaklqana


Innate Abilities, Weirdness & Mutations

You are completely covered in rugged brown scales. (AC +3, +7% HP)
You have supernaturally acute eyesight. (SInv)
Armour fits poorly on your strangely shaped body.
You can roll at nearby foes to attack.
You have a long armoured tail.
Your life essence is reduced to manifest your ancestor. (-10% HP)


Message History

The adder closely misses you.
You take 2 damage, and have 6/25 hp.
You barely miss the adder.
The adder is almost dead.
* * * LOW HITPOINT WARNING * * *
You feel sick. The adder bites you but does no damage.
You take 1 damage, and have 5/25 hp.
You feel yourself speed up.
* * * LOW HITPOINT WARNING * * *
You feel sick. The adder closely misses you. The adder bites you.
* * * LOW HITPOINT WARNING * * *
You take 3 damage, and have 2/25 hp.
You miss the adder.
Your tail-slap misses the adder.
The adder is almost dead.
The adder bites you.
* * * LOW HITPOINT WARNING * * *
You take 1 damage, and have 1/25 hp.
You hit the adder.
You kill the adder!
You die...

.... ...
... ..#
#.. #.#
#.# #†#
#@# #.#
.######.#
.......>#
#########


There were no monsters in sight!

Vanquished Creatures
  An adder (D:2)
  A leopard gecko (D:4)
  A bat (D:3)
  A goblin (D:3)
  A hobgoblin (D:2)
  4 jackals (D:3)
  2 quokkas (D:3)
11 creatures vanquished.

Vanquished Creatures (others)
  An ancestor (D:2)
1 creature vanquished.

Grand Total: 12 creatures vanquished

Notes
Turn   | Place    | Note
-------+----------+-------------------------------------------
     0 | D:5      | jasper the Palentonga Delver began the quest for the Orb.
     0 | D:5      | Reached XP level 1. HP: 20/20 MP: 1/1
    90 | D:4      | Found a hazy altar of Hepliaklqana.
    94 | D:4      | Became a worshipper of Hepliaklqana the Forgotten
   364 | D:3      | Reached XP level 2. HP: 22/25 MP: 2/2
   555 | D:2      | HP: 1/25 [adder (1)]
   556 | D:2      | Succumbed to an adder's poison

Illustrated notes

Levels and vault maps discovered:
D:2:      minmay_door_path, layout_basic, eino_tiny_chamber, uniq_natasha
D:3:      layout_basic, gup_sewer_entry_spiral
D:4:      layout_loops_ring, grunt_temple_overflow_bloody_war,
          kennysheep_mini_moat, minmay_temple_entry_antechambers,
          enter_ossuary_4, dk_vineyard_2, kennysheep_cross_room,
          hangedman_glass_teeth, kennysheep_nondescript
D:5:      layout_loops_ring, slow_altar_2, fedhas_altar_3, uniq_eustachio

Skill      XL: |  1  2 |
---------------+-------+-----
Axes           | 3 |  3.0
Fighting       | |  3.0
Dodging        | |  1.5
Stealth        | |  3.3

Action                   || total
-------------------------++-------
Melee: Hand axe          ||    41
       Tailslap          ||     4
 Abil: Rolling Charge    ||     3
  Use: Potion            ||     1
Armor: Ring mail         ||    14
Dodge: Dodged            ||    20

Table legend: (Time is in decaauts)
 A = Elapsed time spent in this place.
 B = Non-inter-level travel time spent in this place.
 C = Inter-level travel time spent in this place.
 D = Time resting spent in this place.
 E = Time spent auto-exploring this place.
 F = Levels seen in this place.
 G = Mean time per level.
                   A        B        C        D        E       F      G
               +--------+--------+--------+--------+--------+-----+--------+
         Total |    561 |    561 |      0 |     41 |    400 |   4 |  140.2 |
       Dungeon |    561 |    561 |      0 |     41 |    400 |   4 |  140.2 |
               +--------+--------+--------+--------+--------+-----+--------+

Top non-repeatable levels by time:
     D:3: 391 daAuts
     D:4: 128 daAuts
     D:2: 24 daAuts
     D:5: 18 daAuts
